 Dungeon Crawl Stone Soup version 0.19-a0-593-gf2cdb02 (webtiles) character file.

504 tyrsky the Firebug (level 6, 33/45 HPs)
             Began as a Draconian Fire Elementalist on June 8, 2016.
             Quit the game in a sewer on June 10, 2016.
             The game lasted 00:08:10 (2412 turns).

tyrsky the Firebug (Draconian Fire Elementalist)    Turns: 2412, Time: 00:08:11

Health: 33/45      AC:  6    Str: 10    XL:     6   Next: 96%
Magic:  0/12       EV: 12    Int: 18    God:
Gold:   73         SH:  0    Dex: 11    Spells: 3 memorised, 5 levels left

rFire  . . .     SeeInvis .     (no weapon)
rCold  . . .     Gourm    .     (armour unavailable)
rNeg   . . .     Faith    .     (no shield)
rPois  .         Spirit   .     (helmet restricted)
rElec  .         Dismiss  .     (no cloak)
rCorr  .         Reflect  .     (no gloves)
SustAt .         Harm     .     (no boots)
MR     .....                    (no amulet)
Stlth  ++........               (no ring)
                                (no ring)

@: slowed, very slow, not resistant to hostile enchantments, unstealthy
A: unfitting armour, cold-blooded, AC +6
a: no special abilities


You were in a sewer.
You were hungry.

You visited 1 branch of the dungeon, and saw 4 of its levels.
You also visited: Sewer.

You collected 73 gold pieces.

Inventory:

Missiles
 c - 94 stones (quivered)
Wands
 t - a wand of slowing (32/48)
Scrolls
 d - a scroll of random uselessness {unknown}
 e - 4 scrolls of identify {unknown}
 f - a scroll of enchant weapon {unknown}
 k - a scroll of amnesia {unknown}
 o - a scroll of enchant armour {unknown}
 p - 2 scrolls of immolation {unknown}
 q - a scroll of remove curse {unknown}
 s - a scroll of teleportation {unknown}
 v - 2 scrolls of holy word {unknown}
 w - a scroll of noise {unknown}
Potions
 g - 3 potions of brilliance {unknown}
 h - a potion of cure mutation {unknown}
 i - 5 potions of invisibility {unknown}
 j - 6 potions of curing {unknown}
 m - 4 potions of heal wounds {unknown}
 r - 3 potions of ambrosia {unknown}
 u - a potion of lignification {unknown}
 x - a potion of might {unknown}
Books
 a - a book of Flames

   Spells                             Type                      Level
   a - Flame Tongue                   Conjuration/Fire             1
   b - Throw Flame                    Conjuration/Fire             2
   c - Conjure Flame                  Conjuration/Fire             3
   d - Inner Flame                    Hexes/Fire                   3
   e - Sticky Flame                   Conjuration/Fire             4
   f - Fireball                       Conjuration/Fire             5
Comestibles
 b - 3 bread rations
 l - 2 meat rations
 n - 2 slices of pizza


   Skills:
 - Level 1.7 Dodging
 - Level 1.7 Stealth
 + Level 4.1 Spellcasting
 + Level 4.0 Conjurations
 + Level 5.4 Fire Magic


You had 5 spell levels left.
You knew the following spells:

 Your Spells              Type           Power        Failure   Level  Hunger
a - Flame Tongue          Conj/Fire      ###..        1%          1    None
b - Conjure Flame         Conj/Fire      ###.....     10%         3    ###....
c - Sticky Flame          Conj/Fire      ###.....     24%         4    ####...


Dungeon Overview and Level Annotations

Branches:
Dungeon (4/15)
 Temple: D:4-7

Altars:
Cheibriados
Fedhas
Nemelex Xobeh
Xom

Annotations:
D:3 exclusion: oklob plant
D:4 Eustachio


Innate Abilities, Weirdness & Mutations

Your plain brown scales are hard. (AC +6)
Your body does not fit into most forms of armour.
You are cold-blooded and may be slowed by cold attacks.


Message History

Press: ? - help, Shift-Dir - straight line, f - kobold
Aim: a kobold The flame tongue hits the kobold.
You kill the kobold!
You feel sick.
You are no longer poisoned.
Casting: Flame Tongue
Confirm with . or Enter, or press ? or * to list all spells.
You don't have enough magic to cast that spell.
There is a large open door here.
You see here an uncursed blowgun.
Casting: Flame Tongue
Confirm with . or Enter, or press ? or * to list all spells.
You don't have enough magic to cast that spell.
Welcome back, tyrsky the Draconian Fire Elementalist.
Press ? for a list of commands and other information.
Saving game... please wait.
Welcome back, tyrsky the Draconian Fire Elementalist.
Press ? for a list of commands and other information.
Are you sure you want to abandon this character and quit the game? (Confirm with "yes".)

#......#≈≈≈≈≈≈......#
#......#≈≈≈#P≈≈....##
#....≈≈#≈≈≈#≈≈.....#
##P..≈P#≈≈≈#P......#
##...≈≈≈≈≈≈#.......#
#....≈≈≈≈≈≈#..(....#
###..PP#≈≈≈#.......#
#....#≈≈≈#..(..###
##)†##≈≈≈##d)###
#.)..#≈≈≈#....#
#....#≈≈≈#..?.#
#..∩.#≈≈≈#.∩.!#
#....#≈≈≈#.!..#
######≈≈≈######
#...'≈≈≈# #∩∩.#≈≈≈#
#...#≈≈≈#


There were no monsters in sight!

Vanquished Creatures
  3 big kobolds (Sewer)
  A water moccasin skeleton (D:4)
  A hound (D:4)
  An orc priest (D:4)
  3 gnolls (D:3)
  6 adders
  A river rat (D:4)
  A worm (D:2)
  2 dart slugs
  A giant gecko (D:2)
  9 orcs
  5 giant cockroaches
  A hobgoblin (D:1)
  2 jackals (D:1)
  3 quokkas
  5 ball pythons
  12 bats
  2 giant newts
  3 goblins (D:3)
  13 kobolds
  8 rats
83 creatures vanquished.

Notes
Turn   | Place    | Note
--------------------------------------------------------------
     0 | D:1      | tyrsky the Draconian Fire Elementalist began the quest for the Orb.
     0 | D:1      | Reached XP level 1. HP: 14/14 MP: 3/3
   346 | D:1      | Reached XP level 2. HP: 20/20 MP: 0/5
   777 | D:2      | Reached XP level 3. HP: 22/26 MP: 2/6
   953 | D:3      | Learned a level 3 spell: Conjure Flame
  1271 | D:3      | Found a blossoming altar of Fedhas.
  1291 | D:3      | Noticed an oklob plant
  1371 | D:3      | Reached XP level 4. HP: 29/33 MP: 0/8
  1375 | D:3      | Found a sparkling altar of Nemelex Xobeh.
  1553 | D:3      | Found a snail-covered altar of Cheibriados.
  1583 | D:3      | Reached skill level 4 in Fire Magic
  1793 | D:4      | Reached XP level 5. HP: 32/38 MP: 3/9
  1880 | D:4      | Noticed Eustachio
  1939 | D:4      | Noticed an ogre
  1941 | D:4      | Found a shimmering altar of Xom.
  2141 | D:4      | Found a glowing drain.
  2150 | D:4      | Reached XP level 6. HP: 45/45 MP: 3/11
  2158 | Sewer    | Entered a sewer
  2221 | Sewer    | Reached skill level 5 in Fire Magic
  2230 | Sewer    | Learned a level 4 spell: Sticky Flame
  2412 | Sewer    | Upgraded the game from 0.19-a0-559-ga3d69d0 to 0.19-a0-585-ge40200b
  2412 | Sewer    | Upgraded the game from 0.19-a0-585-ge40200b to 0.19-a0-593-gf2cdb02
  2412 | Sewer    | Quit the game

Vault maps used:
D:1:      minmay_arrival_shattered_statue
D:3:      nemelex_xobeh_ov_fountains_minmay, cheibriados_altar_wand_db,
          first_bread, tgw_fedhas
D:4:      portal_sewer_entry_a, hangedman_abyss_or_decor_passed,
          glass_columns_b, tgw_xom, uniq_eustachio
Sewer:    kennysheep_pipe_town

Skill      XL: |  1  2  3  4  5  6 |
---------------+-------------------+-----
Conjurations   | 2 3 4 |  4.0
Fire Magic     | 4 5 |  5.4
Spellcasting   | 3 4 |  4.1
Dodging        | |  1.7
Stealth        | |  1.7

Action                   |  1- 3 |  4- 6 || total
-------------------------+-------+-------++-------
Melee: Unarmed           |    18 |    14 ||    32
       Tailslap          |     1 |     2 ||     3
Throw: Stone             |     5 |       ||     5
 Cast: Flame Tongue      |    62 |    98 ||   160
       Conjure Flame     |       |     1 ||     1
  Eat: Chunk             |     1 |     4 ||     5
Armor: Skin              |    17 |    20 ||    37
Dodge: Dodged            |    33 |    45 ||    78
